 Dungeon Crawl Stone Soup version 0.23-a0-650-ga4d50d4 (webtiles) character file.

14034 Lilu the Thaumaturge (level 11, -5/68 HPs)
             Began as a Deep Elf Wizard on Jan 2, 2019.
             Was a High Priest of Vehumet.
             Slain by an eight-headed hydra (9 damage)
             ... on level 1 of the Lair of Beasts.
             The game lasted 01:31:36 (21179 turns).

Lilu the Thaumaturge (Deep Elf Wizard)             Turns: 21179, Time: 01:31:37

Health: -5/68      AC:  6    Str:  7    XL:     11   Next: 83%
Magic:  31/38      EV: 19    Int: 30    God:    Vehumet [*****.]
Gold:   805        SH:  0    Dex: 13    Spells: 7/34 levels left

rFire    . . .     SeeInvis +   m - +2 dagger (venom)
rCold    . . .     Gourm    .   (no shield)
rNeg     . . .     Faith    +   R - +1 robe of Shielding {rPois Int+4}
rPois    +         Spirit   .   S - +0 helmet {SInv}
rElec    .         Reflect  .   (no cloak)
rCorr    .         Harm     .   A - +1 pair of gloves
MR       +....                  (no boots)
Stlth    ++........             v - amulet of faith
HPRegen  0.21/turn              W - ring of magical power
MPRegen  0.26/turn              q - +2 ring of intelligence

@: no status effects
A: no striking features
a: Renounce Religion


You were on level 1 of the Lair of Beasts.
You worshipped Vehumet.
Vehumet was extremely pleased with you.
You were not hungry.

You visited 3 branches of the dungeon, and saw 13 of its levels.

You collected 805 gold pieces.

Inventory:

Hand Weapons
 m - a +2 dagger of venom (weapon)
 p - a +0 hunting sling
 J - a +0 blowgun
 N - the +1 trident "Beetleslayer" {flame, rF++}
   (You took it off an orc warrior on level 10 of the Dungeon)

   It has been specially enchanted to burn those struck by it, causing extra
   injury to most foes and up to half again as much damage against particularly
   susceptible opponents.
   It greatly protects you from fire.
Missiles
 n - 37 poisoned needles
 o - 134 sling bullets (quivered)
 I - 8 curare-tipped needles
Armour
 k - the +1 scale mail "Sog Ism" {rElec Str+7 Dex+4}
   (You found it on level 1 of the Lair of Beasts)

   It affects your strength (+7).
   It affects your dexterity (+4).
   It insulates you from electricity.
 r - a +0 shield
 A - a +1 pair of gloves (worn)
 L - a +2 robe of cold resistance
 O - the +13 chain mail "Tipehed" {-Tele *Slow rN+++ Str+6}
   (You took it off an orc warrior on level 10 of the Dungeon)

   It affects your strength (+6).
   It renders you almost immune to negative energy.
   It prevents most forms of teleportation.
   It may slow you when you take damage.
 R - the +1 robe of Shielding (worn) {rPois Int+4}
   (You found it on level 10 of the Dungeon)

   It affects your intelligence (+4).
   It protects you from poison.
 S - a +0 helmet of see invisible (worn)
Magical Staves
 M - an uncursed staff of summoning
Jewellery
 q - a +2 ring of intelligence (right hand)
 v - an amulet of faith (around neck)
 C - an uncursed amulet of harm {unknown}
 Q - an uncursed amulet of harm {unknown}
 T - an uncursed ring of ice
 U - a +4 ring of dexterity
 W - a ring of magical power (left hand)
Wands
 t - a wand of paralysis (11)
 B - a wand of iceblast (8)
 E - a wand of digging (3)
 H - a wand of flame (19)
Scrolls
 a - a scroll of fear
 b - 3 scrolls of blinking
 f - 7 scrolls of teleportation
 g - 7 scrolls of remove curse
 j - 4 scrolls of enchant weapon
 y - a scroll of fog
 D - a scroll of immolation
Potions
 c - 2 potions of ambrosia
 e - 3 potions of lignification
 h - 3 potions of mutation
 l - a potion of magic
 u - 2 potions of curing
 w - 4 potions of brilliance
 x - 2 potions of heal wounds
 z - 3 potions of flight
 F - 2 potions of haste {unknown}
 G - a potion of invisibility
Miscellaneous
 K - a sack of spiders
Comestibles
 d - 17 rations
 i - a chunk of flesh


   Skills:
 + Level 7.9 Fighting
 + Level 11.5 Dodging
 - Level 2.7 Stealth
 - Level 12.0 Spellcasting
 - Level 4.0 Conjurations
 - Level 2.0 Summonings
 + Level 8.1 Necromancy
 - Level 2.0 Translocations
 - Level 3.0 Fire Magic
 - Level 3.0 Air Magic
 + Level 4.6 Earth Magic
 - Level 3.1 Poison Magic


You had 7 spell levels left.
You knew the following spells:

 Your Spells              Type           Power        Failure   Level  Hunger
a - Magic Dart            Conj           ####         1%          1    None
b - Call Imp              Summ           ####....     1%          2    None
c - Blink                 Tloc           N/A          1%          2    None
d - Conjure Flame         Conj/Fire      #####...     1%          3    None
e - Mephitic Cloud        Conj/Pois/Air  #####...     1%          3    None
f - Animate Dead          Necr           N/A          1%          4    None
g - Death Channel         Necr           ######....   16%         6    ####...
h - Iron Shot             Conj/Erth      #####.....   19%         6    ####...

Your spell library contained the following spells:

 Spells                   Type           Power        Failure   Level  Hunger
 Ozocubu's Refrigeration  Ice            ###.......   69%         6    ####...
 Sandblast                Erth           #####.       1%          1    None
 Passwall                 Tmut/Erth      ####....     1%          2    None
 Stone Arrow              Conj/Erth      #####.       1%          3    None
 Beastly Appendage        Tmut           ###...       2%          1    None
 Confusing Touch          Hex            ###...       2%          1    None
 Gell's Gravitas          Tloc           ####......   3%          3    None
 Recall                   Summ/Tloc      N/A          3%          3    None
 Lee's Rapid Deconstruct  Erth           #####.....   3%          5    ##.....
 Slow                     Hex            ###.....     4%          2    None
 Sticks to Snakes         Tmut           ###.....     4%          2    None
 Spider Form              Tmut/Pois      ####......   4%          3    None
 Borgnjor's Vile Clutch   Necr/Erth      ######....   5%          5    ##.....
 Confuse                  Hex            ###.....     9%          3    None
 Petrify                  Tmut/Erth      ####....     11%         4    None
 Yara's Violent Unravell  Hex/Tmut       ###.......   21%         5    ##.....
 Ice Form                 Ice/Tmut       ###.....     28%         4    None
 Blade Hands              Tmut           ###.......   61%         5    ##.....
 Metabolic Englaciation   Hex/Ice        ###.......   61%         5    ##.....
 Simulacrum               Ice/Necr       #####.....   63%         6    ####...


Dungeon Overview and Level Annotations

Branches:
Dungeon (11/15)            Temple (1/1) D:4            Lair (1/6) D:10
    Orc (0/2) D:11

Altars:
Ashenzari
Cheibriados
Dithmenos
Elyvilon
Fedhas
Gozag
Hepliaklqana
Kikubaaqudgha
Makhleb
Nemelex Xobeh
Okawaru
Qazlal
Ru
Sif Muna
Trog
Uskayaw
Vehumet
Wu Jian
Xom
Yredelemnul
Zin
The Shining One
Beogh

Shops:
D:5 }   D:10 (?}   D:11 [

Annotations:
D:6 Grinder


Message History

The eight-headed hydra is engulfed in blazing flames.
The eight-headed hydra bites your crimson imp! x2
Your crimson imp dies!
Casting: Call Imp (safe; 1% risk of failure)
Confirm with . or Enter, or press ? or * to list all spells.
Aiming: Conjure Flame (safe; 1% risk of failure)
Press: ? - help, Dir - move target cursor The fire ignites!
The eight-headed hydra is engulfed in blazing flames.
You hit the eight-headed hydra.
The eight-headed hydra is severely wounded.
The eight-headed hydra is engulfed in blazing flames.
The eight-headed hydra bites you.
* * * LOW HITPOINT WARNING * * *
The eight-headed hydra bites you.
* * * LOW HITPOINT WARNING * * *
The eight-headed hydra bites you!
* * * LOW HITPOINT WARNING * * *
The eight-headed hydra bites you!
You die...

.. ... .......#####.+#
...###PP##.#............P
.....P......#...#.......P
#....#........#............
.#..............#...........#
......#....................#.
P.....#......................
##....#........+...........# #
##..........#.@D#.....###PP##.
#.#......#......##ยง.............
........#.......................
........................<.......
.......#..#.....................
....##..##...#.............>....
....#...#...##..................
#.........#.....................
....Y......#.....#r....##.#+.###


You could see an eight-headed hydra.

Vanquished Creatures
  Snorg (D:10)
  Fannar (D:11)
  The ghost of pidr the Covert, a novice OpFi of Gozag (D:10)
  A deep elf mage (D:10)
  Joseph (D:8)
  A spiny frog (Lair:1)
  A kobold demonologist (D:9)
  A troll (D:11)
  2 hippogriffs
  12 yaks
  A basilisk (D:11)
  Edmund (D:5)
  2 wargs
  A water moccasin (Lair:1)
  7 orc warriors
  2 sky beasts
  A black bear (D:8)
  8 ogres
  A necrophage (D:6)
  A phantom (D:7)
  6 centaurs
  A crocodile (Lair:1)
  17 big kobolds
  11 bullfrogs
  4 gnoll sergeants (D:11)
  8 killer bees
  4 wights (D:11)
  6 howler monkeys
  3 crimson imps
  2 bullfrog zombies
  A gnoll shaman (D:4)
  3 centaur zombies
  3 centaur skeletons (D:10)
  5 hounds
  2 jellies
  7 orc priests
  3 bullfrog skeletons
  4 worker ants
  4 iguanas
  19 orc wizards
  A howler monkey skeleton (D:6)
  14 adders
  18 gnolls
  2 shadow imps
  An ooze (D:1)
  An adder skeleton (D:4)
  2 worms
  4 dart slugs
  6 leopard geckos
  58 orcs
  A ball python (D:2)
  5 bats
  A giant cockroach (D:2)
  10 goblins
  7 hobgoblins
  5 jackals
  11 quokkas
  7 frilled lizards
  12 kobolds
  A leopard gecko skeleton (D:6)
  A quokka zombie (D:5)
  4 rats
332 creatures vanquished.

Vanquished Creatures (collateral kills)
  A cyclops (D:11)
  A hippogriff (D:10)
  Sigmund (D:4)
  A yak (D:11)
  Menkaure (D:7)
  A warg (D:10)
  3 orc warriors
  A sky beast (D:11)
  An ogre (D:11)
  4 big kobolds
  Blork the orc (D:5)
  A scorpion (D:3)
  2 killer bees (D:11)
  A crimson imp (D:10)
  A quasit (D:5)
  4 orc wizards
  3 orc priests
  A hound (D:3)
  A bullfrog skeleton (D:5)
  2 worker ants
  A howler monkey skeleton (D:5)
  4 gnolls
  An adder zombie (D:5)
  15 orcs
  2 giant cockroaches (D:2)
  3 hobgoblins
  A jackal (D:5)
  A quokka (D:8)
  A jackal skeleton (D:5)
61 creatures vanquished.

Vanquished Creatures (others)
  A big kobold (D:9)
1 creature vanquished.

Grand Total: 394 creatures vanquished

Notes
Turn   | Place    | Note
-------+----------+-------------------------------------------
     0 | D:1      | Lilu the Deep Elf Wizard began the quest for the Orb.
     0 | D:1      | Reached XP level 1. HP: 10/10 MP: 7/7
    51 | D:1      | Found a shattered altar of Ashenzari.
   493 | D:1      | Reached XP level 2. HP: 15/15 MP: 3/9
   860 | D:1      | Learned a level 2 spell: Call Imp
   863 | D:1      | Learned a level 2 spell: Blink
   873 | D:1      | Reached XP level 3. HP: 18/20 MP: 9/11
  1504 | D:2      | Reached skill level 1 in Fighting
  1504 | D:2      | Reached skill level 5 in Spellcasting
  1554 | D:2      | Reached XP level 4. HP: 25/25 MP: 7/13
  1605 | D:2      | Learned a level 3 spell: Conjure Flame
  1609 | D:2      | Learned a level 3 spell: Mephitic Cloud
  2501 | D:3      | Found a shimmering altar of Xom.
  2522 | D:3      | Reached XP level 5. HP: 29/29 MP: 9/14
  3377 | D:4      | Reached skill level 1 in Fire Magic
  3377 | D:4      | Reached skill level 1 in Poison Magic
  3532 | D:4      | Noticed an ogre
  3552 | D:4      | Killed an ogre
  3552 | D:4      | Reached skill level 1 in Air Magic
  3552 | D:4      | Reached XP level 6. HP: 34/34 MP: 4/15
  3693 | D:4      | HP: 1/35 [something (1)]
  5178 | D:4      | Reached XP level 7. HP: 40/40 MP: 7/16
  5378 | D:4      | Noticed Sigmund
  5448 | D:4      | Killed Sigmund
  5448 | D:4      | Reached skill level 5 in Dodging
  6213 | D:4      | Found a staircase to the Ecumenical Temple.
  6226 | Temple   | Entered the Ecumenical Temple
  6234 | Temple   | Became a worshipper of Vehumet
  6596 | D:5      | Entered Level 5 of the Dungeon
  6596 | D:5      | Found a deep blue altar of Sif Muna.
  7024 | D:5      | Learned a level 4 spell: Animate Dead
  7095 | D:5      | Found an opulent altar of Gozag.
  7177 | D:5      | Found Wiexus's Gadget Boutique.
  7334 | D:5      | Noticed Blork the orc
  7344 | D:5      | Killed Blork the orc
  7443 | D:5      | Reached XP level 8. HP: 37/46 MP: 13/18
  7447 | D:5      | Noticed Edmund
  7515 | D:5      | Killed Edmund
  7867 | D:5      | Reached skill level 1 in Necromancy
  8045 | D:6      | Reached * piety under Vehumet
  8045 | D:6      | Offered knowledge of Sandblast by Vehumet.
  8225 | D:6      | Found a glowing silver altar of Zin.
  8433 | D:6      | Reached skill level 6 in Spellcasting
  8576 | D:6      | Noticed Grinder
  9356 | D:7      | Noticed Menkaure
  9791 | D:6      | Reached XP level 9. HP: 44/52 MP: 15/21
 10005 | D:7      | Reached skill level 7 in Spellcasting
 10024 | D:7      | Learned a level 6 spell: Death Channel
 10292 | D:7      | Killed Menkaure
 10521 | D:7      | Offered knowledge of Flame Tongue by Vehumet.
 10606 | D:7      | Reached ** piety under Vehumet
 10627 | D:7      | Found a white marble altar of Elyvilon.
 10855 | D:7      | Found a basalt altar of Yredelemnul.
 10900 | D:7      | Reached skill level 5 in Necromancy
 11245 | D:7      | Reached skill level 8 in Spellcasting
 11563 | D:8      | Reached skill level 5 in Fighting
 11840 | D:8      | Noticed Joseph
 11886 | D:8      | Killed Joseph
 12200 | D:8      | Found a glowing golden altar of the Shining One.
 12586 | D:8      | Offered knowledge of Throw Flame by Vehumet.
 12616 | D:8      | Reached XP level 10. HP: 34/59 MP: 22/24
 12815 | D:8      | Reached skill level 9 in Spellcasting
 12835 | D:8      | Reached *** piety under Vehumet
 13709 | D:8      | Offered knowledge of Iskenderun's Mystic Blast by Vehumet.
 14440 | D:9      | Reached **** piety under Vehumet
 14744 | D:9      | Reached skill level 10 in Spellcasting
 14823 | D:10     | Entered Level 10 of the Dungeon
 14835 | D:10     | Found Suit's Gadget Shoppe.
 14873 | D:10     | Offered knowledge of Throw Icicle by Vehumet.
 15188 | D:10     | HP: 3/61 [warg (14)]
 15504 | D:10     | Noticed a deep elf mage
 15517 | D:10     | Killed a deep elf mage
 15520 | D:10     | Reached skill level 10 in Dodging
 15974 | D:10     | Reached ***** piety under Vehumet
 15983 | D:10     | Offered knowledge of Iron Shot by Vehumet.
 15996 | D:10     | Learned a level 6 spell: Iron Shot
 16399 | D:10     | Found Labb's Antique Weapon Emporium.
 16399 | D:10     | Noticed Snorg
 16455 | D:10     | Killed Snorg
 16455 | D:10     | Reached XP level 11. HP: 66/66 MP: 20/27
 16679 | D:10     | Found Senkat's Magic Scroll Shop.
 16809 | D:10     | Found a staircase to the Lair.
 17105 | D:10     | Found a runed gate.
 17106 | D:10     | Found a runed gate.
 17107 | D:10     | Found a roughly hewn altar of Beogh.
 17107 | D:10     | Found a runed gate.
 17110 | D:10     | Noticed pidr's ghost (novice OpFi)
 17115 | D:10     | Identified the cursed +1 trident "Beetleslayer" {flame,
                  | rF++}
 17115 | D:10     | Identified the +13 chain mail "Tipehed" {-Tele *Slow rN+++
                  | Str+6}
 17307 | D:10     | Killed pidr's ghost
 17307 | D:10     | Reached skill level 1 in Earth Magic
 17348 | D:10     | Reached skill level 11 in Spellcasting
 17373 | D:10     | Got a heavy robe
 17399 | D:10     | Identified the cursed +1 robe of Shielding {rPois Int+4}
                  | (You found it on level 10 of the Dungeon)
 17983 | D:11     | Noticed Fannar
 18727 | D:11     | Killed Fannar
 18991 | D:11     | Found a staircase to the Orcish Mines.
 19596 | D:11     | Offered knowledge of Ozocubu's Refrigeration by Vehumet.
 20481 | D:11     | Found Diuric's Antique Armour Boutique.
 20671 | Lair:1   | Entered Level 1 of the Lair of Beasts
 20836 | Lair:1   | Reached skill level 12 in Spellcasting
 21103 | Lair:1   | Got a slimy scale mail
 21115 | Lair:1   | Identified the +1 scale mail "Sog Ism" {rElec Str+7 Dex+4}
                  | (You found it on level 1 of the Lair of Beasts)
 21138 | Lair:1   | Noticed an eight-headed hydra
 21179 | Lair:1   | Slain by an eight-headed hydra

Vault maps used:
D:1:      minmay_arrival_solitary_statue, nicolae_ashenzari_panopticon
D:2:      first_ration, serial_curves, eino_curves_03, eino_curves_02,
          eino_curves_04
D:3:      xom_butterflies, minmay_goblin_kobold_house
D:4:      minmay_temple_entry_offerings, grunt_ministairs_1,
          kennysheep_generic_room_6, uniq_sigmund
D:5:      kennysheep_big_flooded_room, basic_altar, serial_shops, shop,
          minivault_27, nicolae_gozag_cash_rules_everything_around_me,
          uniq_edmund, uniq_blork_the_orc
D:6:      basic_altar, minmay_misc_feat_cross, uniq_grinder
D:7:      elyvilon_altar_5, kennysheep_little_box, uniq_menkaure
D:8:      tso_altar, uniq_joseph
D:9:      special_room
D:10:     erik_lair_orcish_takeover, serial_shops, shop, kennysheep_mini, shop,
          biasface_ghost_orc_armoury, uniq_snorg
D:11:     kennysheep_orc_monster_closet_entryway, serial_shops,
          nicolae_shop_trees, uniq_fannar
Temple:   nicolae_temple_no_exploring_needed
Lair:1:   minivault_26

Skill      XL: |  1  2  3  4  5  6  7  8  9 10 11 |
---------------+----------------------------------+-----
Dodging        | 3 4 5 7 8 10 11 | 11.5
Conjurations   | 2 3 4 |  4.0
Fighting       | 1 2 3 4 5 6 7 |  7.9
Spellcasting   | 5 6 8 10 12 | 12.0
Fire Magic     | 1 2 3 |  3.0
Poison Magic   | 1 2 3 |  3.1
Summonings     | 2 |  2.0
Translocations | 2 |  2.0
Air Magic      | 1 2 3 |  3.0
Necromancy     | 3 6 7 8 |  8.1
Earth Magic    | 4 |  4.6
Stealth        | |  2.7

Action                   |  1- 3 |  4- 6 |  7- 9 | 10-12 || total
-------------------------+-------+-------+-------+-------++-------
Melee: Club              |     2 |    10 |       |       ||    12
       Dagger            |       |       |   281 |   396 ||   677
       Trident           |       |       |       |   201 ||   201
 Fire: Hunting sling     |       |    25 |    47 |       ||    72
 Cast: Magic Dart        |    73 |   173 |   245 |   162 ||   653
       Call Imp          |     1 |    18 |    34 |    31 ||    84
       Conjure Flame     |       |     3 |    13 |    30 ||    46
       Mephitic Cloud    |       |     4 |    14 |    75 ||    93
       Blink             |       |     3 |     3 |    16 ||    22
       Animate Dead      |       |       |       |    38 ||    38
       Death Channel     |       |       |       |     1 ||     1
       Iron Shot         |       |       |       |     4 ||     4
  Use: Scroll            |       |     2 |    11 |     8 ||    21
       Potion            |       |     2 |       |     3 ||     5
 Stab: Sleeping          |       |       |     2 |     1 ||     3
       Confused          |       |       |     3 |    26 ||    29
       Distracted        |       |       |       |     1 ||     1
  Eat: Chunk             |     2 |     9 |    22 |    20 ||    53
       Ration            |       |       |     1 |     3 ||     4
Armor: Robe              |     8 |     4 |     3 |    25 ||    40
       Skin              |       |    19 |       |       ||    19
       Leather armour    |       |       |    81 |    67 ||   148
Dodge: Dodged            |    19 |    41 |   348 |   420 ||   828

Table legend:
 A = Non-vault XP
 B = Vault XP
 C = Vault XP percentage of total XP
 D = Non-vault monster count
 E = Vault monster count
 F = Vault count percentage of total count
                 A         B        C        D         E       F
            +---------+---------+-------+---------+---------+-------
      Total |   12497 |    7552 |  37.7 |     287 |     107 |  27.2
            +---------+---------+-------+---------+---------+-------
        D:1 |      50 |       0 |   0.0 |      19 |       0 |   0.0
        D:2 |     107 |       0 |   0.0 |      29 |       0 |   0.0
        D:3 |     125 |      62 |  33.2 |      18 |       5 |  21.7
        D:4 |     601 |     207 |  25.6 |      24 |       7 |  22.6
        D:5 |     269 |     218 |  44.8 |      19 |       4 |  17.4
        D:6 |     982 |       0 |   0.0 |      20 |       0 |   0.0
        D:7 |    1404 |     113 |   7.4 |      29 |       1 |   3.3
        D:8 |    1765 |     711 |  28.7 |      38 |       5 |  11.6
        D:9 |     510 |    1067 |  67.7 |      14 |      18 |  56.2
       D:10 |    2051 |    2982 |  59.2 |      24 |      46 |  65.7
       D:11 |    3199 |    2192 |  40.7 |      45 |      21 |  31.8
     Lair:1 |    1434 |       0 |   0.0 |       8 |       0 |   0.0
            +---------+---------+-------+---------+---------+-------
